 Dungeon Crawl Stone Soup version 0.26-a0-611-g354ed81502 (webtiles) character file.

Game seed: 16927927091137938325

303 MrRokkomies the Sneak (level 6, -1/42 HPs)
             Began as an Octopode Brigand on Sept 7, 2020.
             Was an Initiate of Fedhas.
             Slain by a gnoll
             ... wielding a +0 whip
              (7 damage)
             ... on level 4 of the Dungeon.
             The game lasted 00:07:35 (3924 turns).

MrRokkomies the Sneak (Octopode Brigand)            Turns: 3924, Time: 00:07:35

Health: -1/42      AC:  1    Str: 10    XL:     6   Next: 38%
Magic:  6/6        EV: 14    Int: 16    God:    Fedhas [......]
Gold:   117        SH:  0    Dex: 13    Spells: 5/5 levels left

rFire    . . .     SeeInvis .   a - +2 dagger
rCold    . . .     Faith    .   (no shield)
rNeg     . . .     Spirit   .   (helmet restricted)
rPois    .         Reflect  .   (no amulet)
rElec    .         Harm     .   (no ring)
rCorr    .                      (no ring)
MR       .....                  (no ring)
Stlth    ++++......             (no ring)
HPRegen  0.14/turn              (no ring)
MPRegen  0.10/turn              (no ring)
                                (no ring)
                                (no ring)

@: no status effects
A: almost no armour, stealthy swim, amphibious, 8 rings, constrict 8, camouflage
1, gelatinous body 1
a: Renounce Religion


You were on level 4 of the Dungeon.
You worshipped Fedhas.
Fedhas was noncommittal.
You visited 1 branch of the dungeon, and saw 4 of its levels.

You collected 117 gold pieces.

Inventory:

Hand Weapons
 a - a +2 dagger (weapon)
Missiles
 b - 17 poisoned darts (quivered)
 c - 3 curare-tipped darts
 g - a throwing net
Jewellery
 q - an uncursed ring of fire
Wands
 o - a wand of iceblast (6)
Scrolls
 f - 2 scrolls of remove curse
 l - 2 scrolls of amnesia
 m - 2 scrolls of enchant armour {unknown}
 n - 3 scrolls of identify
 p - a scroll of teleportation
Potions
 d - 2 potions of flight
 e - a potion of ambrosia {unknown}
 i - a potion of brilliance {unknown}
 j - a potion of magic {unknown}
 k - a potion of berserk rage {unknown}
 r - a potion of heal wounds {unknown}


   Skills:
 + Level 3.1 Fighting
 * Level 4.0 Short Blades
 + Level 3.1 Throwing
 * Level 3.6 Dodging
 - Level 5.3 Stealth


You had 5 spell levels left.
You didn't know any spells.
Your spell library was empty.

Dungeon Overview and Level Annotations

Branches:
Dungeon (4/15)
 Temple: D:4-7

Altars:
Fedhas
The Shining One


Innate Abilities, Weirdness & Mutations

You cannot wear most types of armour.
You are very stealthy in the water. (Stealth+)
You are amphibious.
You can wear up to eight rings at the same time.
You can use your tentacles to constrict eight enemies at once.
Your skin changes colour to match your surroundings (Stealth+).
Your rubbery body absorbs attacks. (AC +1, EV +1)


Message History

The gnoll throws a throwing net.
The throwing net hits you.
You become entangled in the net!
You stop ascending the stairs.
The gnoll hits you from afar with a +0 spear.
You struggle against the net.
The gnoll closely misses you.
You struggle against the net.
The gnoll hits you with a +0 whip!
* * * LOW HITPOINT WARNING * * *
The gnoll hits you but does no damage.
It was a potion of curing.
You feel better. The gnoll closely misses you. x2
You feel better. The gnoll hits you with a +0 whip.
The gnoll hits you but does no damage.
Unknown command.
You struggle against the net.
The gnoll hits you with a +0 whip.
* * * LOW HITPOINT WARNING * * *
The gnoll hits you from afar with a +0 spear.
* * * LOW HITPOINT WARNING * * *
You shred the net and break free! The gnoll closely misses you.
The gnoll hits you but does no damage. The gnoll hits you with a +0 whip!
You die...
Fedhas appreciates your contribution to the ecosystem. # ###g# #@g.# #####

You could see 2 gnolls.

Vanquished Creatures
  A gnoll shaman (D:3)
  2 orc wizards (D:3)
  8 adders
  2 gnolls (D:4)
  2 worms (D:2)
  5 dart slugs
  5 leopard geckos
  5 orcs (D:3)
  13 bats
  4 giant cockroaches
  6 goblins
  11 hobgoblins
  10 jackals
  A quokka (D:1)
  A frilled lizard (D:3)
  6 kobolds
  10 rats
92 creatures vanquished.

Vanquished Creatures (others)
  Ijyb (D:3)
1 creature vanquished.

Grand Total: 93 creatures vanquished

Notes
Turn   | Place    | Note
-------+----------+-------------------------------------------
     0 | D:1      | MrRokkomies the Octopode Brigand began the quest for the
                  | Orb.
     0 | D:1      | Reached XP level 1. HP: 14/14 MP: 1/1
    77 | D:1      | Reached XP level 2. HP: 19/19 MP: 2/2
   622 | D:1      | Reached XP level 3. HP: 22/24 MP: 3/3
  1226 | D:2      | Reached XP level 4. HP: 23/30 MP: 4/4
  1701 | D:2      | Found a glowing golden altar of the Shining One.
  1778 | D:2      | Reached XP level 5. HP: 7/35 MP: 5/5
  2366 | D:3      | Noticed Ijyb
  2374 | D:3      | Killed Ijyb
  3020 | D:3      | Found a blossoming altar of Fedhas.
  3119 | D:3      | Became a worshipper of Fedhas Madash
  3339 | D:3      | Reached XP level 6. HP: 37/42 MP: 6/6
  3924 | D:4      | Slain by a gnoll

Illustrated notes

Levels and vault maps discovered:
D:1:      evilmike_arrival_crescent, layout_loops_corners, minmay_misc_feat_room
D:2:      layout_rooms, overflow_temple_1_default, st_stairs_7
D:3:      layout_loops_corners, lemuel_crystal_altar, minmay_misc_feat_five,
          minmay_misc_feat_square, uniq_ijyb
D:4:      minmay_wonky_spiral, layout_basic, minivault_11, uniq_duvessa

Skill      XL: |  1  2  3  4  5  6 |
---------------+-------------------+-----
Dodging        | 2 3 |  3.6
Short Blades   | 3 4 |  4.0
Throwing       | 3 |  3.1
Fighting       | 3 |  3.1
Stealth        | |  5.3

Action                   |  1- 3 |  4- 6 || total
-------------------------+-------+-------++-------
Melee: Dagger            |    49 |   127 ||   176
       Tentacles         |     8 |    21 ||    29
       Constrict         |    10 |    34 ||    44
Throw: Dart              |    13 |    23 ||    36
  Use: Scroll            |     4 |     1 ||     5
       Potion            |       |     2 ||     2
 Stab: Sleeping          |    15 |    10 ||    25
Armor: Skin              |     3 |    10 ||    13
Dodge: Dodged            |    38 |    92 ||   130

Table legend: (Time is in decaauts)
 A = Elapsed time spent in this place.
 B = Non-inter-level travel time spent in this place.
 C = Inter-level travel time spent in this place.
 D = Time resting spent in this place.
 E = Time spent auto-exploring this place.
 F = Levels seen in this place.
 G = Mean time per level.
                   A        B        C        D        E       F      G
               +--------+--------+--------+--------+--------+-----+--------+
         Total |   3893 |   3766 |    127 |    701 |   2509 |   4 |  973.2 |
       Dungeon |   3893 |   3766 |    127 |    701 |   2509 |   4 |  973.2 |
               +--------+--------+--------+--------+--------+-----+--------+

Top non-repeatable levels by time:
     D:3: 1520 daAuts
     D:2: 1176 daAuts
     D:1: 1173 daAuts
     D:4: 22 daAuts
